AoeStats
← -Luxo-

Arabia

503581056Analyzed
1v1 RM · 1mo ago on Sep 1, 2026· 30m 45s· 2 players
Game mode
Random Map
Map size
Tiny (2 player)
Population
200
Speed
Normal
Resources
Standard
Victory
Conquest
Starting age
Dark Age
Ending age
Imperial Age
RankedLock teamsTeams togetherTeam positionsShared explorationLock speedFull tech treeHidden civsTurbo modeCheats
Victory
Defeat
🇩🇪 Saracens · Germany
949
+16
🇩🇪 Khmer · Germany
951
-16
MurderholesOP
10:54 Feudal Age
13:05 Double-Bit Axe
13:02 Horse Collar
18:16 Castle Age
16:55 Gold Mining
16:59 Stone Mining
18:55 Bloodlines
19:59 Gold Shaft Mining
19:33 Husbandry
19:44 Scale Barding Armor
19:46 Husbandry
25:25 Loom
27:03 Chain Barding Armor
28:19 Forging
29:36 Iron Casting
-Luxo-
9:17 Loom
14:03 Feudal Age
15:22 Wheelbarrow
14:37 Double-Bit Axe
14:34 Horse Collar
21:21 Castle Age
19:34 Stone Mining
20:58 Gold Mining
21:04 Fletching
23:04 Bow Saw
22:57 Heavy Plow
Connection lost

Rejoining the realm…

Still unreachable

The connection could not be restored.

Session expired

The server has moved on; the page needs a fresh start.